 Dungeon Crawl Stone Soup version 0.24-a0-447-ge8da9206dc (webtiles) character file.

Game seed: 1467236197403163977

1879 OCTOBOI the Magician (level 9, -11/61 HPs)
             Began as an Octopode Transmuter on June 25, 2019.
             Was an Initiate of Cheibriados.
             Splashed by an acid dragon's acid (15 damage)
             ... on level 7 of the Dungeon.
             The game lasted 00:36:34 (10887 turns).

OCTOBOI the Magician (Octopode Transmuter)         Turns: 10887, Time: 00:36:35

Health: -11/61     AC: -10   Str: 14    XL:     9   Next: 14%
Magic:  17/17      EV: 21    Int: 16    God:    Cheibriados [......]
Gold:   456        SH:  0    Dex: 18    Spells: 9/19 levels left

rFire    . . .     SeeInvis .     - Unarmed
rCold    . . .     Gourm    .   (shield currently unavailable)
rNeg     . . .     Faith    .   (helmet currently unavailable)
rPois    .         Spirit   .   y - amulet of magic regeneration
rElec    .         Reflect  .   l - ring of protection from magic
rCorr    .         Harm     .   e - ring of poison resistance
MR       +....                  (no ring)
Stlth    ++........             (no ring)
HPRegen  0.20/turn              (no ring)
MPRegen  0.40/turn              (no ring)
                                (no ring)
                                (no ring)

@: spider-form, corroded, very slow
A: tiny, almost no armour, stealthy swim, (amphibious), 8 rings, (constrict 8)
a: End Transformation, Bend Time, Renounce Religion


You were on level 7 of the Dungeon.
You worshipped Cheibriados.
Cheibriados was noncommittal.
You were not hungry.
You were a venomous arachnid creature.
You visited 2 branches of the dungeon, and saw 8 of its levels.
You also visited: Ossuary.

You collected 456 gold pieces.

Inventory:

Missiles
 a - 42 arrows
 h - 179 stones (quivered)
 u - 7 atropa-tipped darts
 B - 14 poisoned darts
Jewellery
 e - a ring of poison resistance (right front leg)
 l - a ring of protection from magic (left front leg)
 y - an amulet of magic regeneration (around neck)
 C - an uncursed ring of ice
Wands
 r - a wand of scattershot (7)
 D - a wand of polymorph (10)
Scrolls
 b - a scroll of enchant weapon
 d - 3 scrolls of teleportation
 f - 6 scrolls of identify
 j - 6 scrolls of remove curse
 k - 2 scrolls of fear
 p - 3 scrolls of enchant armour
 t - 2 scrolls of amnesia
 v - a scroll of fog
 z - a scroll of magic mapping
Potions
 g - 3 potions of berserk rage
 i - 3 potions of curing
 m - 2 potions of lignification
 n - 2 potions of resistance
 o - 2 potions of heal wounds
 q - 2 potions of might
 s - a potion of agility
 w - 2 potions of haste
 x - 2 potions of invisibility
Comestibles
 c - 8 rations
 A - 5 chunks of flesh


   Skills:
 + Level 5.4 Fighting
 + Level 2.8 Dodging
 - Level 3.0 Unarmed Combat
 + Level 5.9 Spellcasting
 + Level 5.4 Transmutations
 + Level 5.5 Ice Magic
 - Level 2.0 Poison Magic


You had 9 spell levels left.
You knew the following spells:

 Your Spells              Type           Power        Failure   Level  Hunger
a - Beastly Appendage     Tmut           ###...       7%          1    None
b - Sticks to Snakes      Tmut           ###.....     9%          2    #......
c - Spider Form           Tmut/Pois      ###.......   22%         3    ##.....
d - Ice Form              Ice/Tmut       ###.....     32%         4    ####...

Your spell library contained the following spells:

 Spells                   Type           Power        Failure   Level  Hunger
 Blade Hands              Tmut           ###.......   61%         5    ######.


Dungeon Overview and Level Annotations

Branches:
Dungeon (7/15)             Temple (1/1) D:6

Altars:
Cheibriados
Elyvilon
Gozag
Hepliaklqana
Makhleb
Okawaru
Ru
Uskayaw
Vehumet
Yredelemnul
The Shining One

Shops:
D:4 %

Annotations:
D:6 exclusion: 2 centaurs


Innate Abilities, Weirdness & Mutations

You cannot wear most types of armour.
You are very stealthy in the water. (Stealth+)
((You are amphibious.))
You can wear up to eight rings at the same time.
((You can use your tentacles to constrict eight enemies at once.))
((Your skin changes colour to match your surroundings (Stealth+).))
((Your rubbery body absorbs attacks. (AC +1, EV +1)))


Message History

Something closely misses you. Something completely misses you.
Something misses you. Something hits you!
Deactivating autopickup; reactivate with Ctrl-A.
Something hits you!
* * * LOW HITPOINT WARNING * * *
You feel much better. Something closely misses you.
The acid dragon spits acid at you. The splash of acid hits you!
The acid corrodes you!
You are splashed with acid!
* * * LOW HITPOINT WARNING * * *
Something barely misses you. Something hits you.
* * * LOW HITPOINT WARNING * * *
Something closely misses you. The acid dragon spits acid at you.
The splash of acid hits you!
* * * LOW HITPOINT WARNING * * *
The acid corrodes you!
You are splashed with acid!
You die...

.. #...##..# ###'####...
#..# ..........###.#
#.)........##.#
#..$.......##.#
#....[.....##.#
#......%...##รท##
#.......(...D..####
##.......(###...s.#####
.....)........###.<...##
..#####................#
# .....#####.##.......#
####.. ............# ###
#######.....[# #......#
#......# ########


You could see an acid dragon.

Vanquished Creatures
  Pikel (D:4)
  Edmund (D:4)
  A slave (D:4)
  A sky beast (D:5)
  4 phantoms
  An ogre (D:4)
  A bullfrog (D:7)
  2 howler monkeys (D:6)
  A crimson imp (D:6)
  A jelly (D:4)
  3 orc priests
  3 hounds
  A centaur skeleton (D:4)
  2 iguanas
  4 worker ants
  A hound skeleton (D:3)
  6 mummies (Ossuary)
  5 adders
  2 shadow imps
  An ooze (D:3)
  4 worms
  An adder skeleton (D:4)
  2 dart slugs
  5 leopard geckos
  15 orcs
  A ball python (D:4)
  4 bats
  5 giant cockroaches
  A gnoll zombie (Ossuary)
  11 goblins
  8 hobgoblins
  4 kobolds
  A quokka (D:7)
  5 frilled lizards
  2 hobgoblin zombies (Ossuary)
  2 kobold zombies (Ossuary)
  2 orc zombies (Ossuary)
  A quokka skeleton (D:4)
  5 rats
121 creatures vanquished.

Vanquished Creatures (collateral kills)
  2 mummies (Ossuary)
  A kobold zombie (Ossuary)
3 creatures vanquished.

Vanquished Creatures (others)
  A slave (D:4)
1 creature vanquished.

Grand Total: 125 creatures vanquished

Notes
Turn   | Place    | Note
-------+----------+-------------------------------------------
     0 | D:1      | OCTOBOI the Octopode Transmuter began the quest for the
                  | Orb.
     0 | D:1      | Reached XP level 1. HP: 13/13 MP: 3/3
    74 | D:1      | Reached XP level 2. HP: 13/18 MP: 5/5
   705 | D:1      | Reached XP level 3. HP: 21/23 MP: 6/6
  1234 | D:2      | Learned a level 2 spell: Sticks to Snakes
  1238 | D:2      | Learned a level 3 spell: Spider Form
  1411 | D:2      | Found a sacrificial altar of Ru.
  1554 | D:2      | Found an opulent altar of Gozag.
  1554 | D:2      | Found a hide-covered altar of Uskayaw.
  2006 | D:3      | Reached skill level 1 in Poison Magic
  2006 | D:3      | Reached XP level 4. HP: 19/28 MP: 6/8
  2947 | D:3      | Reached XP level 5. HP: 26/33 MP: 7/10
  3577 | D:3      | Found a white marble altar of Elyvilon.
  3739 | D:4      | Learned a level 4 spell: Ice Form
  3766 | D:4      | Noticed Edmund
  4167 | D:4      | Noticed Pikel
  4167 | D:4      | Noticed a slave
  4167 | D:4      | Noticed a slave
  4251 | D:4      | Noticed an ogre
  4271 | D:4      | Killed an ogre
  4271 | D:4      | Reached skill level 1 in Ice Magic
  4271 | D:4      | Reached XP level 6. HP: 22/38 MP: 9/12
  4945 | D:4      | Noticed a phantom
  5407 | D:4      | Found Urum's Food Shop.
  5410 | D:4      | Found a hazy altar of Hepliaklqana.
  5437 | D:4      | Killed a phantom
  5701 | D:4      | Noticed a slave
  5722 | D:4      | Killed a slave
  5761 | D:4      | Reached XP level 7. HP: 38/43 MP: 13/13
  5767 | D:5      | Entered Level 5 of the Dungeon
  5851 | D:5      | Found a burning altar of Makhleb.
  5860 | D:5      | Found a sand-covered staircase.
  5915 | Ossuary  | Entered an ossuary
  6900 | D:5      | Reached skill level 5 in Transmutations
  7430 | D:4      | Killed Pikel
  7430 | D:4      | Reached skill level 5 in Spellcasting
  7430 | D:4      | Reached XP level 8. HP: 29/53 MP: 14/16
  8041 | D:4      | Killed Edmund
  8289 | D:5      | Reached skill level 5 in Ice Magic
  9343 | D:6      | Found a staircase to the Ecumenical Temple.
  9430 | D:6      | Reached skill level 5 in Fighting
  9438 | Temple   | Entered the Ecumenical Temple
  9455 | Temple   | Became a worshipper of Cheibriados the Contemplative
 10442 | D:7      | Reached XP level 9. HP: 48/61 MP: 15/17
 10874 | D:7      | Noticed an unseen horror
 10887 | D:7      | Splashed by an acid dragon's acid

Levels and vault maps discovered:
D:1:      dpeg_arrival_refuge, layout_basic, chequers_serial_rivers_micro_d
D:2:      layout_loops_cross, nicolae_ru_path_of_blood,
          gammafunk_temple_overflow_statue
D:3:      layout_loops_cross, elyvilon_altar_5, first_ration
D:4:      minmay_razor_zed, layout_basic, kennysheep_mini, serial_shops, shop,
          uniq_edmund, uniq_pikel
D:5:      layout_cave_pods, kennysheep_mini_moat,
          nicolae_ossuary_entry_monument, corexii_item_surrounded_by_moat,
          minmay_holes
D:6:      cheibrodos_iron_armory, layout_loops_cross,
          minmay_temple_entry_proselytizer, lightli_corner_chamber
D:7:      kennysheep_steamy, layout_rooms, lemuel_doored_altar, zin_angel,
          uniq_prince_ribbit1, uniq_duvessa
Temple:   zaba_magenta_temple

Skill      XL: |  1  2  3  4  5  6  7  8 |
---------------+-------------------------+-----
Transmutations | 3 4 5 |  5.4
Spellcasting   | 3 4 5 |  5.9
Poison Magic   | 1 2 |  2.0
Ice Magic      | 1 2 4 5 |  5.5
Fighting       | 3 5 |  5.4
Dodging        | |  2.8
Unarmed Combat | |  3.0

Action                   |  1- 3 |  4- 6 |  7- 9 || total
-------------------------+-------+-------+-------++-------
Melee: Unarmed           |    80 |   136 |   232 ||   448
       Constrict         |    23 |    25 |    24 ||    72
       Kick              |     6 |    21 |    26 ||    53
       Tentacles         |    10 |    18 |    30 ||    58
       Punch             |     1 |     3 |     3 ||     7
Throw: Stone             |    14 |    45 |   110 ||   169
 Cast: Beastly Appendage |     8 |    15 |    17 ||    40
       Spider Form       |       |     6 |    15 ||    21
       Sticks to Snakes  |       |     3 |    11 ||    14
 Abil: End Transformatio |       |       |     1 ||     1
Evoke: Wand              |       |     2 |     1 ||     3
  Use: Scroll            |       |    12 |     7 ||    19
       Potion            |       |       |     2 ||     2
 Stab: Sleeping          |     8 |     2 |     2 ||    12
       Distracted        |       |       |     1 ||     1
  Eat: Chunk             |     3 |    11 |     6 ||    20
       Ration            |       |       |     4 ||     4
Armor: Skin              |     6 |     6 |     5 ||    17
Dodge: Dodged            |    35 |    63 |   134 ||   232

Table legend:
 A = Non-vault XP
 B = Vault XP
 C = Vault XP percentage of total XP
 D = Non-vault monster count
 E = Vault monster count
 F = Vault count percentage of total count
                 A         B        C        D         E       F
            +---------+---------+-------+---------+---------+-------
      Total |    1522 |    1163 |  43.3 |      94 |      29 |  23.6
            +---------+---------+-------+---------+---------+-------
        D:1 |      40 |       0 |   0.0 |      21 |       0 |   0.0
        D:2 |      36 |       0 |   0.0 |      10 |       0 |   0.0
        D:3 |     187 |       0 |   0.0 |      24 |       0 |   0.0
        D:4 |     361 |     993 |  73.3 |      18 |      12 |  40.0
        D:5 |     309 |       0 |   0.0 |      11 |       0 |   0.0
        D:6 |     348 |      41 |  10.5 |       6 |       1 |  14.3
        D:7 |     241 |       0 |   0.0 |       4 |       0 |   0.0
    Ossuary |       0 |     129 | 100.0 |       0 |      16 | 100.0
            +---------+---------+-------+---------+---------+-------
